| TOP OF THE 1ST |
|
Tijuana Toros batting - Pitching for Madison Brewers : RHP Heraclio Sosa
|
|
Pitching: RHP Heraclio Sosa
|
|
|
Batting: SHB Erick Hamburger
|
0-0: Swinging Strike 0-1: Swinging Strike 0-2: Strikes out swinging
|
|
Batting: RHB Guo Kwok
|
0-0: Foul Ball, location: 2F 0-1: Called Strike 0-2: Ball 1-2: Ball 2-2: Ball 3-2: Strikes out swinging
|
|
Batting: RHB Shiki Nomoto
|
0-0: Called Strike 0-1: Ball 1-1: Ball 2-1: Called Strike 2-2: Strikes out swinging
|
| Top of the 1st over - 0 runs, 0 hits, 0 errors, 0 left on base; Tijuana 0 - Madison 0 |
| BOTTOM OF THE 1ST |
|
Madison Brewers batting - Pitching for Tijuana Toros : RHP Austin Miller
|
|
Pitching: RHP Austin Miller
|
|
|
Batting: LHB Andy Buschlen
|
0-0: Ground out 4-3 (Groundball, 4, EV 100.0 MPH)
|
|
Batting: LHB Jose Simental
|
0-0: Ball 1-0: Foul Ball, location: 2F 1-1: Foul Ball, location: 2F 1-2: Strikes out swinging
|
|
Batting: RHB Tristan Smeets
|
0-0: Foul Ball, location: 2F 0-1: Swinging Strike 0-2: Ball 1-2: Strikes out looking
|
| Bottom of the 1st over - 0 runs, 0 hits, 0 errors, 0 left on base; Tijuana 0 - Madison 0 |
| TOP OF THE 2ND |
|
Tijuana Toros batting - Pitching for Madison Brewers : RHP Heraclio Sosa
|
|
Batting: RHB John Hanson
|
0-0: Ball 1-0: SINGLE (Groundball, 6MD, EV 95.6 MPH)
|
|
Batting: RHB Tan-ming Kwan
|
0-0: Foul Ball, location: 2F 0-1: Ball 1-1: Fly out, F8 (Line Drive, 8RD, EV 89.4 MPH)
|
|
Batting: RHB Jerry Afghani
|
0-0: Ball Wild Pitch! John Hanson to second 1-0: Called Strike 1-1: Ball 2-1: Foul Ball, location: 2F 2-2: Ground out 4-3 (Groundball, 34D, EV 85.6 MPH) John Hanson to third
|
|
Batting: RHB Mario Diaz
|
0-0: Called Strike 0-1: Ball Wild Pitch! John Hanson scores 1-1: Swinging Strike 1-2: Strikes out looking
|
| Top of the 2nd over - 1 run, 1 hit, 0 errors, 0 left on base; Tijuana 1 - Madison 0 |
| BOTTOM OF THE 2ND |
|
Madison Brewers batting - Pitching for Tijuana Toros : RHP Austin Miller
|
|
Batting: RHB Jelani Griffin
|
0-0: Called Strike 0-1: Swinging Strike 0-2: Ground out 5-3 (Groundball, 56, EV 109.4 MPH)
|
|
Batting: LHB Tony Hasbun
|
0-0: Ball 1-0: Ball 2-0: Ball 3-0: Base on Balls
|
|
Batting: RHB Mario Lopez
|
0-0: Called Strike Tony Hasbun steals 2nd base (no throw) 0-1: Ball 1-1: Ball 2-1: Ground out 4-3 (Groundball, 4, EV 100.0 MPH) Tony Hasbun to third
|
|
Batting: LHB Danny Roberts
|
0-0: Ball 1-0: Called Strike 1-1: Ball 2-1: Ball 3-1: Swinging Strike 3-2: Base on Balls
|
|
Batting: RHB Fernando Mejia
|
0-0: Ball 1-0: Ball 2-0: Ball 3-0: Called Strike 3-1: Called Strike 3-2: Base on Balls Danny Roberts to second
|
|
Batting: RHB Malcolm McCauley
|
0-0: Ball 1-0: Ball 2-0: Swinging Strike 2-1: Ball 3-1: Fly out, F3 (Popup, 3F, EV 76.9 MPH)
|
| Bottom of the 2nd over - 0 runs, 0 hits, 0 errors, 3 left on base; Tijuana 1 - Madison 0 |
| TOP OF THE 3RD |
|
Tijuana Toros batting - Pitching for Madison Brewers : RHP Heraclio Sosa
|
|
Batting: RHB Gaylord Wray
|
0-0: Swinging Strike 0-1: Called Strike 0-2: Ground out 6-3 (Groundball, 56, EV 93.8 MPH)
|
|
Batting: LHB Gerardo Arriaga
|
0-0: Ground out 4-3 (Groundball, 4, EV 90.0 MPH)
|
|
Batting: SHB Erick Hamburger
|
0-0: Called Strike 0-1: Swinging Strike 0-2: Strikes out looking
|
| Top of the 3rd over - 0 runs, 0 hits, 0 errors, 0 left on base; Tijuana 1 - Madison 0 |
| BOTTOM OF THE 3RD |
|
Madison Brewers batting - Pitching for Tijuana Toros : RHP Austin Miller
|
|
Batting: LHB Andy Buschlen
|
0-0: Ball 1-0: Called Strike 1-1: Foul Ball, location: 2F 1-2: Ball 2-2: Strikes out swinging
|
|
Batting: LHB Jose Simental
|
0-0: Ball 1-0: Foul Ball, location: 2F 1-1: Foul Ball, location: 2F 1-2: Strikes out swinging
|
|
Batting: RHB Tristan Smeets
|
0-0: Ball 1-0: Swinging Strike 1-1: Ball 2-1: Foul Ball, location: 2F 2-2: Ground out 4-3 (Groundball, 4, EV 86.9 MPH)
|
| Bottom of the 3rd over - 0 runs, 0 hits, 0 errors, 0 left on base; Tijuana 1 - Madison 0 |
| TOP OF THE 4TH |
|
Tijuana Toros batting - Pitching for Madison Brewers : RHP Heraclio Sosa
|
|
Batting: RHB Guo Kwok
|
0-0: Ball 1-0: Foul Ball, location: 2F 1-1: Swinging Strike 1-2: Ball 2-2: Strikes out swinging
|
|
Batting: RHB Shiki Nomoto
|
0-0: Foul Ball, location: 2F 0-1: Ball 1-1: Swinging Strike 1-2: Strikes out swinging
|
|
Batting: RHB John Hanson
|
0-0: Ball 1-0: Ground out 5-3 (Groundball, 56, EV 89.4 MPH)
|
| Top of the 4th over - 0 runs, 0 hits, 0 errors, 0 left on base; Tijuana 1 - Madison 0 |
| BOTTOM OF THE 4TH |
|
Madison Brewers batting - Pitching for Tijuana Toros : RHP Austin Miller
|
|
Batting: RHB Jelani Griffin
|
0-0: Called Strike 0-1: Ball 1-1: Foul Ball, location: 2F 1-2: Fly out, F8 (Flyball, 8RD, EV 101.9 MPH)
|
|
Batting: LHB Tony Hasbun
|
0-0: Ball 1-0: Ball 2-0: SINGLE (Flyball, 3D, EV 92.5 MPH)
|
|
Batting: RHB Mario Lopez
|
0-0: Called Strike 0-1: Ball 1-1: Ball 2-1: Called Strike 2-2: Foul Ball, location: 2F 2-2: Foul Ball, location: 2F 2-2: SINGLE (Groundball, 34D, EV 105.0 MPH) Tony Hasbun to second Runner from 2nd tries for 3rd, SAFE, no throw by RF
|
|
Batting: LHB Danny Roberts
|
0-0: Ball 1-0: Ball 2-0: Called Strike 2-1: Ball 3-1: Swinging Strike 3-2: Grounds into double play, 3-6-3 (Groundball, 3, EV 106.9 MPH)
|
| Bottom of the 4th over - 0 runs, 2 hits, 0 errors, 1 left on base; Tijuana 1 - Madison 0 |
| TOP OF THE 5TH |
|
Tijuana Toros batting - Pitching for Madison Brewers : RHP Heraclio Sosa
|
|
Batting: RHB Tan-ming Kwan
|
0-0: Ball 1-0: Foul Ball, location: 2F 1-1: Swinging Strike 1-2: Ball 2-2: Foul Ball, location: 2F 2-2: Strikes out swinging
|
|
Batting: RHB Jerry Afghani
|
0-0: Called Strike 0-1: Swinging Strike 0-2: Ball 1-2: Ground out 5-3 (Groundball, 56, EV 78.1 MPH)
|
|
Batting: RHB Mario Diaz
|
0-0: Foul Ball, location: 2F 0-1: Swinging Strike 0-2: Ball 1-2: Strikes out swinging
|
| Top of the 5th over - 0 runs, 0 hits, 0 errors, 0 left on base; Tijuana 1 - Madison 0 |
| BOTTOM OF THE 5TH |
|
Madison Brewers batting - Pitching for Tijuana Toros : RHP Austin Miller
|
|
Batting: RHB Fernando Mejia
|
0-0: Called Strike 0-1: SINGLE (Groundball, 5S, EV 68.8 MPH) (infield hit)
|
|
Batting: RHB Malcolm McCauley
|
0-0: Ground out 4-3 (Groundball, 34S, EV 95.0 MPH) Fernando Mejia to second
|
|
Batting: LHB Andy Buschlen
|
0-0: Swinging Strike 0-1: Ball 1-1: Ball 2-1: Swinging Strike 2-2: Foul Ball, location: 2F 2-2: Foul Ball, location: 2F 2-2: Strikes out looking
|
|
Batting: LHB Jose Simental
|
0-0: Ball 1-0: Foul Ball, location: 2F 1-1: Foul Ball, location: 2F 1-2: Strikes out swinging
|
| Bottom of the 5th over - 0 runs, 1 hit, 0 errors, 1 left on base; Tijuana 1 - Madison 0 |
| TOP OF THE 6TH |
|
Tijuana Toros batting - Pitching for Madison Brewers : RHP Heraclio Sosa
|
|
Batting: RHB Gaylord Wray
|
0-0: Ball 1-0: Ball 2-0: Called Strike 2-1: Foul Ball, location: 2F 2-2: Foul Ball, location: 2F 2-2: Ball 3-2: Ground out 6-3 (Groundball, 6, EV 103.8 MPH)
|
|
Batting: LHB Gerardo Arriaga
|
0-0: Called Strike 0-1: Ball 1-1: Ball 2-1: Called Strike 2-2: Strikes out looking
|
|
Batting: SHB Erick Hamburger
|
0-0: Ball 1-0: Ball 2-0: Ball 3-0: Base on Balls
|
|
Batting: RHB Guo Kwok
|
0-0: Fly out, F7 (Flyball, 7, EV 90.0 MPH)
|
| Top of the 6th over - 0 runs, 0 hits, 0 errors, 1 left on base; Tijuana 1 - Madison 0 |
| BOTTOM OF THE 6TH |
|
Madison Brewers batting - Pitching for Tijuana Toros : RHP Austin Miller
|
|
Batting: RHB Tristan Smeets
|
0-0: Called Strike 0-1: Swinging Strike 0-2: Foul Ball, location: 2F 0-2: Ground out 6-3 (Groundball, 6, EV 103.8 MPH)
|
|
Batting: RHB Jelani Griffin
|
0-0: Ball 1-0: Ground out 3-1 (Groundball, 34, EV 102.5 MPH)
|
|
Batting: LHB Tony Hasbun
|
0-0: Ball 1-0: Ball 2-0: Ball 3-0: Called Strike 3-1: Ground out 4-3 (Groundball, 34, EV 80.0 MPH)
|
| Bottom of the 6th over - 0 runs, 0 hits, 0 errors, 0 left on base; Tijuana 1 - Madison 0 |
| TOP OF THE 7TH |
|
Tijuana Toros batting - Pitching for Madison Brewers : RHP Heraclio Sosa
|
|
Batting: RHB Shiki Nomoto
|
0-0: Foul Ball, location: 2F 0-1: Ground out 6-3 (Groundball, 6, EV 91.2 MPH)
|
|
Batting: RHB John Hanson
|
0-0: Called Strike 0-1: Foul Ball, location: 2F 0-2: Strikes out swinging
|
|
Batting: RHB Tan-ming Kwan
|
0-0: Fly out, F7 (Flyball, 78M, EV 86.2 MPH)
|
| Top of the 7th over - 0 runs, 0 hits, 0 errors, 0 left on base; Tijuana 1 - Madison 0 |
| BOTTOM OF THE 7TH |
|
Madison Brewers batting - Pitching for Tijuana Toros : RHP Austin Miller
|
|
Batting: RHB Mario Lopez
|
0-0: Foul Ball, location: 2F 0-1: Foul Ball, location: 2F 0-2: Ball 1-2: Ball 2-2: Fly out, F8 (Flyball, 8LM, EV 80.0 MPH)
|
|
Batting: LHB Danny Roberts
|
0-0: Called Strike 0-1: Ball 1-1: Foul Ball, location: 2F 1-2: Foul Ball, location: 2F 1-2: Foul Ball, location: 2F 1-2: Ground out 4-3 (Groundball, 4, EV 105.0 MPH)
|
|
Pinch Hitting: RHB Dustin Pryor
|
0-0: Ball 1-0: Ball 2-0: Called Strike 2-1: Ball 3-1: Base on Balls
|
|
Pinch Hitting: LHB Jesus Huante
|
0-0: Ball 1-0: Called Strike 1-1: Ball 2-1: Ball 3-1: Base on Balls Dustin Pryor to second
|
|
Pitching: RHP Karl Sullivan
|
|
|
Batting: LHB Andy Buschlen
|
0-0: Called Strike 0-1: Foul Ball, location: 2F 0-2: Ball 1-2: Ball 2-2: Strikes out swinging
|
| Bottom of the 7th over - 0 runs, 0 hits, 0 errors, 2 left on base; Tijuana 1 - Madison 0 |
| TOP OF THE 8TH |
|
Tijuana Toros batting - Pitching for Madison Brewers : RHP Heraclio Sosa
|
|
Pitching: RHP Noah Peek
|
|
|
Now at 1B: Jesus Huante
|
|
|
Now at 3B: Jelani Griffin
|
|
|
Now in CF: Sammar Wambugu
|
|
|
Batting: RHB Jerry Afghani
|
0-0: Called Strike 0-1: Ball 1-1: Ball 2-1: Ball 3-1: Foul Ball, location: 2F 3-2: Fly out, F8 (Line Drive, 8RM, EV 105.0 MPH)
|
|
Batting: RHB Mario Diaz
|
0-0: Ball 1-0: Ball 2-0: Called Strike 2-1: Ball 3-1: Foul Ball, location: 2F 3-2: Strikes out swinging
|
|
Batting: RHB Gaylord Wray
|
0-0: Fly out, F7 (Flyball, 78D, EV 94.4 MPH)
|
| Top of the 8th over - 0 runs, 0 hits, 0 errors, 0 left on base; Tijuana 1 - Madison 0 |
| BOTTOM OF THE 8TH |
|
Madison Brewers batting - Pitching for Tijuana Toros : RHP Karl Sullivan
|
|
Batting: LHB Jose Simental
|
0-0: Called Strike 0-1: Ball 1-1: Foul Ball, location: 2F 1-2: Foul Ball, location: 2F 1-2: Fly out, F8 (Flyball, 8RM, EV 83.8 MPH)
|
|
Pitching: RHP Chris Moody
|
|
|
Batting: RHB Tristan Smeets
|
0-0: Ball 1-0: Ball 2-0: Foul Ball, location: 2F 2-1: Foul Ball, location: 2F 2-2: Hit by Pitch
|
|
Batting: RHB Jelani Griffin
|
0-0: Foul Ball, location: 2F 0-1: Foul Ball, location: 2F 0-2: Ball 1-2: Ball 2-2: SINGLE (Line Drive, 8LS, EV 101.9 MPH) Tristan Smeets to second Runner from 2nd tries for 3rd, SAFE, throw by LF made to third
|
|
Pitching: RHP Jeremy Pollom
|
|
|
Batting: LHB Tony Hasbun
|
0-0: Called Strike 0-1: Foul Ball, location: 2F 0-2: Ball 1-2: Ground out 5-3 (Groundball, P, EV 90.0 MPH) Jelani Griffin to second
|
|
Batting: RHB Mario Lopez
|
0-0: Called Strike 0-1: Ball 1-1: Ball 2-1: Ball 3-1: Fly out, F9 (Flyball, 9, EV 89.4 MPH)
|
| Bottom of the 8th over - 0 runs, 1 hit, 0 errors, 2 left on base; Tijuana 1 - Madison 0 |
| TOP OF THE 9TH |
|
Tijuana Toros batting - Pitching for Madison Brewers : RHP Noah Peek
|
|
Batting: LHB Gerardo Arriaga
|
0-0: Called Strike 0-1: Ground out 5-3 (Groundball, 56, EV 89.4 MPH)
|
|
Batting: SHB Erick Hamburger
|
0-0: Called Strike 0-1: Ball 1-1: Ball 2-1: Foul Ball, location: 2F 2-2: Fly out, F7 (Flyball, 7D, EV 91.2 MPH)
|
|
Batting: RHB Guo Kwok
|
0-0: Called Strike 0-1: SINGLE (Groundball, 6MD, EV 101.2 MPH)
|
|
Batting: RHB Shiki Nomoto
|
0-0: Foul Ball, location: 2F 0-1: Foul Ball, location: 2F 0-2: Ball 1-2: Ball 2-2: Ball 3-2: Base on Balls Guo Kwok to second
|
|
Batting: RHB John Hanson
|
0-0: Called Strike 0-1: Ball 1-1: Called Strike 1-2: Strikes out swinging
|
| Top of the 9th over - 0 runs, 1 hit, 0 errors, 2 left on base; Tijuana 1 - Madison 0 |
| BOTTOM OF THE 9TH |
|
Madison Brewers batting - Pitching for Tijuana Toros : RHP Jeremy Pollom
|
|
Pitching: RHP Bill Dyck
|
|
|
Batting: LHB Danny Roberts
|
0-0: Ground out 5-3 (Groundball, 5, EV 100.0 MPH)
|
|
Pinch Hitting: RHB Ben Follett
|
0-0: Called Strike 0-1: Ball 1-1: Swinging Strike 1-2: Ball 2-2: Ground out 6-3 (Groundball, 56S, EV 91.2 MPH)
|
|
Batting: LHB Jesus Huante
|
0-0: Ball 1-0: SINGLE (Line Drive, 7S, EV 93.8 MPH)
|
|
Batting: LHB Andy Buschlen
|
0-0: Fly out, F8 (Flyball, 8LD, EV 101.9 MPH)
|
| Bottom of the 9th over - 0 runs, 1 hit, 0 errors, 1 left on base; Tijuana 1 - Madison 0 |
|